 Dungeon Crawl Stone Soup version 0.21-a0-531-gacddea6 (webtiles) character file.

1753 slep the Chopper (level 9, 0/69 HPs)
             Began as a Vine Stalker Gladiator on Dec 14, 2017.
             Was a Priest of Okawaru.
             Slain by an orc priest (2 damage)
             ... on level 7 of the Dungeon.
             The game lasted 00:25:29 (4928 turns).

slep the Chopper (Vine Stalker Gladiator)           Turns: 4928, Time: 00:25:33

Health: 0/69       AC:  5    Str: 24    XL:     9   Next: 6%
Magic:  0/10       EV: 15    Int:  8    God:    Okawaru [***...]
Gold:   331        SH:  0    Dex: 21    Spells: 7/8 levels left

rFire    . . .     SeeInvis .   J - +5 war axe of Dim Light {chop, *Drain +Blink rPois rF-}
rCold    . . .     Gourm    .   (no shield)
rNeg     . . .     Faith    .   b - +0 leather armour
rPois    +         Spirit   +   c - +0 helmet
rElec    .         Reflect  .   C - +0 cloak
rCorr    .         Harm     .   (no gloves)
MR       +....                  (no boots)
Stlth    ..........             (no amulet)
HPRegen  0.61/turn              k - +4 ring of dexterity
MPRegen  0.12/turn              x - ring of protection from fire

@: berserking, very quick
A: fangs 3, regeneration 1, magic shield, antimagic bite, no potion heal 3, rot
immunity
a: Heroism, Renounce Religion, Evoke Blink


You were on level 7 of the Dungeon.
You worshipped Okawaru.
Okawaru was most pleased with you.
You were not hungry.

You visited 2 branches of the dungeon, and saw 8 of its levels.

You collected 331 gold pieces.

Inventory:

Hand Weapons
 a - a +0 war axe
 j - a +0 blowgun
 E - a +4 hand axe of flaming
 J - the +5 war axe of Dim Light (weapon) {chop, *Drain +Blink rPois rF-}
   (You found it on level 7 of the Dungeon)

   It inflicts extra damage upon your enemies.
   It makes you vulnerable to fire.
   It protects you from poison.
   It lets you blink.
   It causes draining when unequipped.
Missiles
 d - 5 throwing nets (quivered)
 l - 27 poisoned needles
 m - 5 curare-tipped needles
 r - 4 tomahawks
Armour
 b - a +0 leather armour (worn)
 c - a +0 helmet (worn)
 C - a +0 cloak (worn)
Jewellery
 k - a +4 ring of dexterity (left hand)
 n - an uncursed ring of magical power
 x - a ring of protection from fire (right hand)
 D - an uncursed ring of wizardry
Wands
 s - a wand of polymorph (8)
 y - a wand of flame (22)
Scrolls
 e - 9 scrolls of identify {unknown}
 g - 11 scrolls of teleportation {unknown}
 h - 2 scrolls of random uselessness {unknown}
 i - a scroll of immolation {unknown}
 p - 2 scrolls of remove curse {unknown}
 B - a scroll of magic mapping {unknown}
 H - a scroll of fear {unknown}
 I - a scroll of amnesia {unknown}
Potions
 q - a potion of agility {unknown}
 t - 2 potions of heal wounds {unknown}
 v - a potion of curing {unknown}
 F - a potion of mutation {unknown}
 G - a potion of brilliance {unknown}
Books
 A - a book of Cantrips

   Spells                             Type                      Level
   a - Confusing Touch                Hexes                        1
   b - Animate Skeleton               Necromancy                   1
   c - Summon Small Mammal            Summoning                    1
   d - Apportation                    Translocation                1
 K - a book of Flames

   Spells                             Type                      Level
   a - Flame Tongue                   Conjuration/Fire             1
   b - Throw Flame                    Conjuration/Fire             2
   c - Conjure Flame                  Conjuration/Fire             3
   d - Inner Flame                    Hexes/Fire                   3
   e - Sticky Flame                   Conjuration/Fire             4
   f - Fireball                       Conjuration/Fire             5
Comestibles
 f - 4 bread rations
 o - 3 royal jellies
 u - 2 meat rations
 w - a chunk of flesh


   Skills:
 + Level 4.7 Fighting
 + Level 7.7 Axes
 + Level 1.8 Throwing
 + Level 3.4 Armour
 + Level 4.0 Dodging
 + Level 3.0 Stealth


You had 7 spell levels left.
You knew the following spells:

 Your Spells              Type           Power        Failure   Level  Hunger
a - Apportation           Tloc           #.....       43%         1    ##.....


Dungeon Overview and Level Annotations

Branches:
Dungeon (7/15)             Temple (1/1) D:4

Altars:
Elyvilon
Gozag
Makhleb
Nemelex Xobeh
Okawaru
Sif Muna
Trog

Shops:
D:4 (


Innate Abilities, Weirdness & Mutations

You have razor-sharp teeth.
Your natural rate of healing is unusually fast.
When hurt, damage is shared between your health and your magic reserves.
Your bite disrupts and absorbs the magic of your enemies.
Potions cannot restore your health.
You are immune to rotting.


Message History

The orc wizard barely misses you. The worker ant barely misses you.
The orc wizard hits you but does no damage.
You closely miss the orc wizard. You miss the orc wizard.
You slash the worker ant!
You kill the worker ant!
Okawaru accepts your kill. The orc wizard barely misses you.
The orc wizard gestures at you while chanting.
The magic dart hits you!
* * * LOW HITPOINT WARNING * * *
The orc wizard mumbles some strange words.
The orc wizard blinks!
The orc wizard hits you but does no damage.
A red film seems to cover your vision as you go berserk!
You feel yourself moving faster!
You feel mighty! The orc wizard hits you with a dagger.
* * * LOW HITPOINT WARNING * * *
The orc wizard hits you but does no damage.
The orc priest hits you.
You die...

###........ #...o
##..........
##.ooa
##...........
#...o.
##.).##.......
#.....
##...###.>.(...
#..... ##...##
#....... ##.....
##..o## #.......
h......###.ยง.###
##......
#.....o.o@.#...##
......
#...###ooo......#
# ###........#
###...#### #####


You could see an orc priest, 4 orc wizards and an orc.

Vanquished Creatures
  The ghost of jlumianski the Chopper, an amateur TrWz of Yredelemnul (D:5)
  A sky beast (D:6)
  2 orc warriors
  An ogre (D:7)
  A phantom (D:6)
  2 bullfrogs (D:6)
  Blork the orc (D:5)
  A scorpion (D:5)
  2 howler monkeys
  A bullfrog skeleton (D:4)
  A hound (D:5)
  2 orc priests
  7 orc wizards
  An iguana (D:5)
  Ijyb (D:5)
  3 worker ants
  2 hound skeletons
  A worker ant zombie (D:5)
  3 adders
  8 gnolls (D:6)
  An adder zombie (D:5)
  3 worms
  6 dart slugs
  8 leopard geckos
  36 orcs
  6 bats
  5 giant cockroaches
  10 goblins
  12 hobgoblins
  3 jackals (D:7)
  2 quokkas
  2 ball pythons
  8 frilled lizards
  11 kobolds
  A leopard gecko skeleton (D:4)
  11 rats
167 creatures vanquished.

Notes
Turn   | Place    | Note
-------+----------+-------------------------------------------
     0 | D:1      | slep the Vine Stalker Gladiator began the quest for the Orb.
     0 | D:1      | Reached XP level 1. HP: 11/11 MP: 2/2
    94 | D:1      | Reached XP level 2. HP: 13/15 MP: 3/3
   150 | D:1      | Reached skill level 3 in Axes
   604 | D:1      | Reached XP level 3. HP: 18/18 MP: 4/4
   991 | D:2      | Found a sparkling altar of Nemelex Xobeh.
  1182 | D:5      | Entered Level 5 of the Dungeon
  1226 | D:5      | Noticed Ijyb
  1317 | D:3      | Gained mutation: Your natural rate of healing is unusually fast. [Vine Stalker growth]
  1317 | D:3      | Reached XP level 4. HP: 12/23 MP: 5/5
  1347 | D:3      | Found a burning altar of Makhleb.
  1366 | D:3      | Reached skill level 1 in Armour
  1507 | D:2      | Reached XP level 5. HP: 25/26 MP: 6/6
  2147 | D:3      | Reached skill level 4 in Axes
  2271 | D:3      | Reached skill level 1 in Stealth
  2658 | D:3      | Found a faded altar of an unknown god.
  2771 | D:4      | Reached XP level 6. HP: 14/32 MP: 7/7
  2802 | D:4      | Found a staircase to the Ecumenical Temple.
  2812 | Temple   | Entered the Ecumenical Temple
  2828 | Temple   | Became a worshipper of Warmaster Okawaru
  3050 | D:4      | Found Cocyabem's Weapon Shop.
  3254 | D:5      | Reached skill level 5 in Axes
  3309 | D:5      | Noticed Blork the orc
  3323 | D:5      | Killed Blork the orc
  3323 | D:5      | Reached * piety under Okawaru
  3323 | D:5      | Reached XP level 7. HP: 8/35 MP: 5/8
  3456 | D:5      | Found a bloodstained altar of Trog.
  3456 | D:5      | Found an opulent altar of Gozag.
  3513 | D:5      | Killed Ijyb
  3531 | D:5      | Learned a level 1 spell: Apportation
  3736 | D:5      | Noticed jlumianski's ghost (amateur TrWz)
  3836 | D:5      | Killed jlumianski's ghost
  3836 | D:5      | Reached ** piety under Okawaru
  3836 | D:5      | Reached skill level 6 in Axes
  3901 | D:5      | Gained mutation: You have razor-sharp teeth. [Vine Stalker growth]
  3901 | D:5      | Reached XP level 8. HP: 13/40 MP: 5/9
  3903 | D:5      | HP: 1/40 [orc wizard/magic dart (4)]
  4470 | D:6      | Reached skill level 7 in Axes
  4794 | D:6      | Reached *** piety under Okawaru
  4869 | D:7      | Got a translucent war axe
  4870 | D:7      | Identified the +5 war axe of Dim Light {chop, *Drain +Blink rPois rF-} (You found it on level 7 of the Dungeon)
  4918 | D:7      | Reached XP level 9. HP: 11/46 MP: 4/10
  4927 | D:7      | HP: 2/46 [orc wizard/magic dart (5)]
  4928 | D:7      | Slain by an orc priest

Vault maps used:
D:1:      elethiomel_arrival_shortcut, minmay_split_cup_small
D:2:      first_bread, nemelex_spade_bored_becter
D:3:      lemuel_doored_altar, chequers_ecumenical_altar_grove
D:4:      minmay_temple_entry_statues_pillars, serial_shops, shop
D:5:      chequers_temple_overflow_statue_of_worship, hangedman_decor_riveting,
          uniq_blork_the_orc, uniq_ijyb
D:6:      hangedman_decor_growths
D:7:      nicolae_dithmenos_the_darkroom, kennysheep_generic_room_12
Temple:   oiseaux_autumnal_temple

Skill      XL: |  1  2  3  4  5  6  7  8  9 |
---------------+----------------------------+-----
Axes           | 3 4 5 6 7 |  7.7
Fighting       | 2 3 4 |  4.7
Dodging        | 3 4 |  4.0
Armour         | 1 2 3 |  3.4
Stealth        | 1 2 3 |  3.0
Throwing       | |  1.8

Action                   |  1- 3 |  4- 6 |  7- 9 || total
-------------------------+-------+-------+-------++-------
Melee: War axe           |    93 |   153 |    93 ||   339
       Bite              |    23 |    47 |    67 ||   137
       Hand axe          |       |       |    76 ||    76
  Use: Potion            |       |     2 |     1 ||     3
 Stab: Sleeping          |     2 |    10 |     1 ||    13
  Eat: Chunk             |     1 |     7 |     5 ||    13
Armor: Leather armour    |    24 |    33 |    37 ||    94
Dodge: Dodged            |    71 |    94 |   106 ||   271

Table legend:
 A = Spawn XP
 B = Non-spawn XP
 C = Spawn XP percentage of total XP
 D = Spawn monster count
 E = Non-spawn monster count
 F = Spawn count percentage of total count
 G = Total turns spent on level
                    A         B        C        D         E        F      G
               +---------+---------+-------+---------+---------+-------+---------
         Total |       0 |    2505 |   0.0 |       0 |     167 |   0.0 |  4928
               +---------+---------+-------+---------+---------+-------+---------
           D:1 |       0 |      41 |   0.0 |       0 |      25 |   0.0 |   969
           D:2 |       0 |      60 |   0.0 |       0 |      26 |   0.0 |   644
           D:3 |       0 |     141 |   0.0 |       0 |      39 |   0.0 |   999
           D:4 |       0 |     337 |   0.0 |       0 |      21 |   0.0 |   519
           D:5 |       0 |     747 |   0.0 |       0 |      16 |   0.0 |   999
           D:6 |       0 |     804 |   0.0 |       0 |      28 |   0.0 |   687
           D:7 |       0 |     375 |   0.0 |       0 |      12 |   0.0 |    78
               +---------+---------+-------+---------+---------+-------+---------
